 Dungeon Crawl Stone Soup version 0.23-a0-26-g9187234747 (webtiles) character file.

58 LLavrengius the Skirmisher (level 4, -2/37 HPs)
             Began as a Formicid Abyssal Knight on Aug 3, 2018.
             Was a Believer of Lugonu.
             Slain by a worm (8 damage)
             ... on level 2 of the Dungeon.
             The game lasted 00:06:38 (1690 turns).

LLavrengius the Skirmisher (FoAK)                   Turns: 1690, Time: 00:06:38

Health: -2/37      AC:  3    Str: 18    XL:     4   Next: 21%
Magic:  5/5        EV: 11    Int: 11    God:    Lugonu [**....]
Gold:   58         SH:  0    Dex: 10    Spells: 3/3 levels left

rFire    . . .     SeeInvis +   a - +1 falchion
rCold    . . .     Gourm    .   (no shield)
rNeg     . . .     Faith    .   b - +0 leather armour
rPois    .         Spirit   .   (helmet unavailable)
rElec    .         Reflect  .   (no cloak)
rCorr    .         Harm     .   (no gloves)
MR       .....                  (no boots)
Stlth    +.........             (no amulet)
HPRegen  0.12/turn              (no ring)
MPRegen  0.09/turn              (no ring)

@: no status effects
A: permanent stasis, dig shafts and tunnels, four strong arms, antennae 3
a: Dig, Shaft Self, Depart the Abyss, Bend Space, Renounce Religion


You were on level 2 of the Dungeon.
You worshipped Lugonu.
Lugonu was pleased with you.
You were not hungry.

You visited 1 branch of the dungeon, and saw 2 of its levels.
You visited the Abyss 1 time.

You collected 58 gold pieces.

Inventory:

Hand Weapons
 a - a +1 falchion (weapon)
Missiles
 f - a throwing net (quivered)
 i - 6 poisoned needles
 j - 55 arrows
 n - 49 stones
Armour
 b - a +0 leather armour (worn)
Scrolls
 d - a scroll of amnesia {unknown}
 g - 4 scrolls of teleportation {unknown}
 m - a scroll of remove curse {unknown}
Potions
 e - a potion of curing {unknown}
 k - a potion of mutation {unknown}
 l - a potion of might {unknown}
 o - a potion of magic {unknown}
 p - a potion of heal wounds {unknown}
Comestibles
 c - 7 rations
 h - 3 chunks of flesh


   Skills:
 + Level 4.0 Fighting
 + Level 2.8 Long Blades
 + Level 3.1 Armour
 - Level 1.0 Dodging
 - Level 2.1 Invocations


You had 3 spell levels left.
You didn't know any spells.
Your spell library was empty.

Dungeon Overview and Level Annotations

Branches:
Dungeon (2/15)

Altars:


Innate Abilities, Weirdness & Mutations

You cannot be hasted, slowed, berserked, paralysed or teleported.
You can dig through walls and to a lower floor.
Your four strong arms can wield two-handed weapons with a shield.
You have a pair of large antennae on your head. (SInv)


Message History

You hit the worm.
The worm is heavily wounded.
The worm bites you!
You slash the worm!
The worm is almost dead.
The worm bites you!
You are too injured to fight recklessly!
You are too injured to fight recklessly!
You are too injured to fight recklessly!
You are too injured to fight recklessly!
You hit the worm.
The worm is almost dead.
You barely miss the worm.
The worm is almost dead.
The worm bites you!
* * * LOW HITPOINT WARNING * * *
You hit the worm but do no damage.
The worm is almost dead.
The worm bites you!
You die...

#.# #. #####.##### #.
#.........# ##'#
#.###.###.# ##...## #.#
#.# #.# ##.....###.###.#
#.#
##.......##.#...###.#
#.........#.#....##.####
'.....w@..'.............
#.......>.#..#......####
##.......##.###.##### #
##.....##.## ##.# #
##...#### ## # ##'# # #.
# #.


You could see a worm.

Vanquished Creatures
  A worm (D:2)
  A dart slug (D:2)
  3 leopard geckos
  3 giant cockroaches (D:1)
  5 goblins
  6 hobgoblins
  8 jackals (D:1)
  A quokka (D:2)
  5 bats
  3 frilled lizards (D:2)
  4 kobolds (D:1)
  6 rats
46 creatures vanquished.

Notes
Turn   | Place    | Note
-------+----------+-------------------------------------------
     0 | Abyss:1  | LLavrengius the Formicid Abyssal Knight began the quest for the Orb.
     0 | Abyss:1  | Reached XP level 1. HP: 18/18 MP: 2/2
    49 | Abyss:1  | Noticed a tentacled starspawn
    50 | D:1      | Escaped the Abyss
   148 | D:1      | Reached skill level 1 in Dodging
   354 | D:1      | Reached * piety under Lugonu
   354 | D:1      | Reached XP level 2. HP: 24/24 MP: 3/3
   567 | D:1      | Reached XP level 3. HP: 15/30 MP: 4/4
  1261 | D:2      | Reached ** piety under Lugonu
  1317 | D:2      | Reached XP level 4. HP: 32/37 MP: 5/5
  1428 | D:2      | Reached skill level 4 in Fighting
  1690 | D:2      | Slain by a worm

Vault maps used:
D:1:      ncdulo_wetmaze
D:2:      uniq_jessica

Skill      XL: |  1  2  3  4 |
---------------+-------------+-----
Dodging        | 1 |  1.0
Armour         | 3 |  3.1
Fighting       | 4 |  4.0
Long Blades    | |  2.8
Invocations    | |  2.1

Action                   |  1- 3 |  4- 6 || total
-------------------------+-------+-------++-------
Melee: Falchion          |   121 |    28 ||   149
Invok: Depart the Abyss  |     1 |       ||     1
  Eat: Chunk             |     2 |     1 ||     3
Armor: Leather armour    |    36 |     3 ||    39
Dodge: Dodged            |   103 |    15 ||   118
       Rpst.: Falchion   |    32 |     7 ||    39

Table legend:
 A = Spawn XP
 B = Non-spawn XP
 C = Spawn XP percentage of total XP
 D = Spawn monster count
 E = Non-spawn monster count
 F = Spawn count percentage of total count
 G = Total turns spent on level
                    A         B        C        D         E        F      G
               +---------+---------+-------+---------+---------+-------+---------
         Total |       0 |      84 |   0.0 |       0 |      46 |   0.0 |  1690
               +---------+---------+-------+---------+---------+-------+---------
           D:1 |       0 |      52 |   0.0 |       0 |      30 |   0.0 |  1144
           D:2 |       0 |      32 |   0.0 |       0 |      16 |   0.0 |   496
               +---------+---------+-------+---------+---------+-------+---------
